MID
AUGUSTA GREENJACKETS @ GREAT LAKES LOONS
08/26/2047
 
TOP OF THE 1ST
Augusta GreenJackets batting - Pitching for Great Lakes Loons : RHP Jason Englert
Pitching: RHP Jason Englert
Batting: LHB Josh Straub 0-0: Ball
1-0: Called Strike
1-1: Swinging Strike
1-2: Foul Ball, location: 2F
1-2: Hit by Pitch
Batting: RHB Cesar Martinez 0-0: Called Strike
0-1: Swinging Strike
0-2: Ball
Josh Straub is caught stealing 2nd base 2-4
1-2: Ball
2-2: Foul Ball, location: 2F
2-2: Foul Ball, location: 2F
2-2: Foul Ball, location: 2F
2-2: Foul Ball, location: 2F
2-2: Ball
3-2: Strikes out looking
Batting: LHB Cesar Arteaga 0-0: Ball
1-0: Called Strike
1-1: Foul Ball, location: 2F
1-2: Ground out 4-3 (Groundball, 4, EV 90.6 MPH)
Top of the 1st over - 0 runs, 0 hits, 0 errors, 0 left on base; Augusta 0 - Great Lakes 0
BOTTOM OF THE 1ST
Great Lakes Loons batting - Pitching for Augusta GreenJackets : RHP Pat Wiggins
Pitching: RHP Pat Wiggins
Batting: RHB Josh Crenwelge 0-0: Ball
1-0: Ground out 6-3 (Groundball, 4MS, EV 90.0 MPH)
Batting: LHB Robin More 0-0: Foul Ball, location: 2F
0-1: Swinging Strike
0-2: Ball
1-2: Fly out, F6 (Popup, 6M, EV 78.1 MPH)
Batting: SHB Nate Kopchak 0-0: Called Strike
0-1: Ground out 1-3 (Groundball, 15S, EV 65.0 MPH)
Bottom of the 1st over - 0 runs, 0 hits, 0 errors, 0 left on base; Augusta 0 - Great Lakes 0
TOP OF THE 2ND
Augusta GreenJackets batting - Pitching for Great Lakes Loons : RHP Jason Englert
Batting: LHB David Ramirez 0-0: Called Strike
0-1: Called Strike
0-2: Strikes out swinging
Batting: LHB John Whitman 0-0: Ball
1-0: Swinging Strike
1-1: Swinging Strike
1-2: Ball
2-2: DOUBLE (Line Drive, 89D, EV 104.4 MPH)
Batting: RHB Jason Gregor 0-0: Called Strike
0-1: Ball
1-1: Called Strike
1-2: Ball
2-2: SINGLE (Flyball, 7LS, EV 95.6 MPH)
John Whitman to third
Batting: RHB Ian Richardson 0-0: Foul Ball, location: 2F
0-1: Swinging Strike
0-2: Ball
1-2: Strikes out swinging
Batting: RHB Micah McErlean 0-0: Called Strike
0-1: Ball
Pickoff Throw to First - Error! E1
John Whitman scores
Jason Gregor to second
1-1: Ground out 5-3 (Groundball, 56, EV 106.2 MPH)
Top of the 2nd over - 1 run, 2 hits, 1 error, 1 left on base; Augusta 1 - Great Lakes 0
BOTTOM OF THE 2ND
Great Lakes Loons batting - Pitching for Augusta GreenJackets : RHP Pat Wiggins
Batting: LHB Jose Robles 0-0: Ball
1-0: Ball
2-0: Called Strike
2-1: Foul Ball, location: 2F
2-2: Ball
3-2: Base on Balls
Batting: SHB Xavier Alaniz 0-0: Ball
1-0: SINGLE (Groundball, 34D, EV 102.5 MPH)
Jose Robles to second
Runner from 2nd tries for 3rd, SAFE, throw by RF made to third
Batting: LHB Stephen Van Raalte 0-0: Ball
1-0: Foul Ball, location: 2F
1-1: Foul Ball, location: 2F
1-2: Ball
2-2: Strikes out swinging
Batting: RHB T.J. Jordan 0-0: Called Strike
0-1: Ball
1-1: Swinging Strike
1-2: Ball
2-2: Strikes out swinging
Batting: RHB Devon Fourcade 0-0: SINGLE (Groundball, 5S, EV 71.2 MPH) (infield hit)
Jose Robles scores
Xavier Alaniz to second
Batting: LHB Chris Raymond 0-0: Ball
1-0: Ball
2-0: Ball
Wild Pitch!
Xavier Alaniz to third
Devon Fourcade to second
3-0: Called Strike
3-1: DOUBLE (Flyball, 89XD, EV 108.8 MPH)
Xavier Alaniz scores
Devon Fourcade scores
Batting: RHB Josh Crenwelge 0-0: Swinging Strike
0-1: Fly out, F9 (Flyball, 89S, EV 71.9 MPH)
Bottom of the 2nd over - 3 runs, 3 hits, 0 errors, 1 left on base; Augusta 1 - Great Lakes 3
TOP OF THE 3RD
Augusta GreenJackets batting - Pitching for Great Lakes Loons : RHP Jason Englert
Batting: RHB Gabe Ochoa 0-0: Ground out 5-3 (Groundball, 56S, EV 88.1 MPH)
Batting: LHB Josh Straub 0-0: Ball
1-0: Called Strike
1-1: SINGLE (Line Drive, 6D, EV 103.8 MPH)
Batting: RHB Cesar Martinez 0-0: Ball
1-0: Foul Ball, location: 2F
1-1: Ball
Josh Straub is caught stealing 2nd base 2-4
2-1: Foul Ball, location: 2F
2-2: Ground out 4-3 (Groundball, 4M, EV 98.8 MPH)
Top of the 3rd over - 0 runs, 1 hit, 0 errors, 0 left on base; Augusta 1 - Great Lakes 3
BOTTOM OF THE 3RD
Great Lakes Loons batting - Pitching for Augusta GreenJackets : RHP Pat Wiggins
Batting: LHB Robin More 0-0: Called Strike
0-1: Foul Ball, location: 2F
0-2: Ball
1-2: Ball
2-2: Ground out 3-1 (Groundball, 34, EV 90.6 MPH)
Batting: SHB Nate Kopchak 0-0: Called Strike
0-1: Called Strike
0-2: Ball
1-2: Strikes out swinging
Batting: LHB Jose Robles 0-0: Foul Ball, location: 2F
0-1: Foul Ball, location: 2F
0-2: Ball
1-2: Ball
2-2: Strikes out looking
Bottom of the 3rd over - 0 runs, 0 hits, 0 errors, 0 left on base; Augusta 1 - Great Lakes 3
TOP OF THE 4TH
Augusta GreenJackets batting - Pitching for Great Lakes Loons : RHP Jason Englert
Batting: LHB Cesar Arteaga 0-0: Ball
1-0: Ground out 1-3 (Groundball, 15S, EV 75.6 MPH)
Batting: LHB David Ramirez 0-0: Ball
1-0: SOLO HOME RUN (Flyball, 8RXD, EV 108.8 MPH), Distance : 423 ft
Batting: LHB John Whitman 0-0: Called Strike
0-1: Foul Ball, location: 2F
0-2: Foul Ball, location: 2F
0-2: Ball
1-2: Ball
2-2: Ground out 4-3 (Groundball, 4, EV 102.5 MPH)
Batting: RHB Jason Gregor 0-0: Swinging Strike
0-1: Fly out, F9 (Flyball, 9D, EV 106.9 MPH)
Top of the 4th over - 1 run, 1 hit, 0 errors, 0 left on base; Augusta 2 - Great Lakes 3
BOTTOM OF THE 4TH
Great Lakes Loons batting - Pitching for Augusta GreenJackets : RHP Pat Wiggins
Batting: SHB Xavier Alaniz 0-0: Called Strike
0-1: Ball
1-1: Called Strike
1-2: Ball
2-2: Ball
3-2: Base on Balls
Batting: LHB Stephen Van Raalte 0-0: Ball
1-0: SINGLE (Line Drive, 3D, EV 100.0 MPH)
Xavier Alaniz to second
Batting: RHB T.J. Jordan 0-0: Ball
1-0: Ball
2-0: Grounds into double play, 6-4-3 (Groundball, 6, EV 86.9 MPH)
Xavier Alaniz to third
Batting: RHB Devon Fourcade 0-0: Swinging Strike
0-1: Foul Ball, location: 2F
0-2: Strikes out swinging
Bottom of the 4th over - 0 runs, 1 hit, 0 errors, 1 left on base; Augusta 2 - Great Lakes 3
TOP OF THE 5TH
Augusta GreenJackets batting - Pitching for Great Lakes Loons : RHP Jason Englert
Batting: RHB Ian Richardson 0-0: Called Strike
0-1: Ball
1-1: Called Strike
1-2: Ball
2-2: Strikes out swinging
Batting: RHB Micah McErlean 0-0: Ball
1-0: Called Strike
1-1: SINGLE (Line Drive, 56, EV 106.9 MPH)
Batting: RHB Gabe Ochoa 0-0: Fly out, F8 (Flyball, 8LM, EV 81.2 MPH)
Batting: LHB Josh Straub 0-0: Called Strike
0-1: Ball
1-1: Fly out, F4 (Popup, 4M, EV 60.6 MPH)
Top of the 5th over - 0 runs, 1 hit, 0 errors, 1 left on base; Augusta 2 - Great Lakes 3
BOTTOM OF THE 5TH
Great Lakes Loons batting - Pitching for Augusta GreenJackets : RHP Pat Wiggins
Batting: LHB Chris Raymond 0-0: Ball
1-0: Fly out, F8 (Flyball, 8RXD, EV 98.8 MPH)
Batting: RHB Josh Crenwelge 0-0: Ball
1-0: Foul Ball, location: 2F
1-1: Fly out, F8 (Flyball, 8LM, EV 98.1 MPH)
Batting: LHB Robin More 0-0: Called Strike
0-1: Ball
1-1: Swinging Strike
1-2: Strikes out swinging
Bottom of the 5th over - 0 runs, 0 hits, 0 errors, 0 left on base; Augusta 2 - Great Lakes 3
TOP OF THE 6TH
Augusta GreenJackets batting - Pitching for Great Lakes Loons : RHP Jason Englert
Batting: RHB Cesar Martinez 0-0: Called Strike
0-1: Ball
1-1: Swinging Strike
1-2: Strikes out looking
Batting: LHB Cesar Arteaga 0-0: Ball
1-0: Swinging Strike
1-1: Ball
2-1: Foul Ball, location: 2F
2-2: DOUBLE (Line Drive, 7LM, EV 111.2 MPH)
Batting: LHB David Ramirez 0-0: Ball
1-0: 2-RUN HOME RUN (Flyball, 8LXD, EV 115.0 MPH), Distance : 431 ft
Batting: LHB John Whitman 0-0: Called Strike
0-1: Ball
1-1: Ground out 5-3 (Groundball, 56S, EV 85.0 MPH)
Batting: RHB Jason Gregor 0-0: Ball
1-0: Ball
2-0: Called Strike
2-1: Ball
3-1: Called Strike
3-2: Strikes out swinging
Top of the 6th over - 2 runs, 2 hits, 0 errors, 0 left on base; Augusta 4 - Great Lakes 3
BOTTOM OF THE 6TH
Great Lakes Loons batting - Pitching for Augusta GreenJackets : RHP Pat Wiggins
Batting: SHB Nate Kopchak 0-0: SOLO HOME RUN (Flyball, 7D, EV 98.1 MPH), Distance : 362 ft
Batting: LHB Jose Robles 0-0: Swinging Strike
0-1: Ball
1-1: Swinging Strike
1-2: Strikes out swinging
Batting: SHB Xavier Alaniz 0-0: Ball
1-0: Ball
2-0: Foul Ball, location: 2F
2-1: Foul Ball, location: 2F
2-2: Strikes out looking
Batting: LHB Stephen Van Raalte 0-0: Called Strike
0-1: Swinging Strike
0-2: SINGLE (Groundball, 4D, EV 106.9 MPH)
Batting: RHB T.J. Jordan 0-0: Ball
1-0: Ball
2-0: Foul Ball, location: 2F
2-1: Ball
3-1: Foul Ball, location: 2F
3-2: Base on Balls
Stephen Van Raalte to second
Pitching: RHP Ricky Fo
Batting: RHB Devon Fourcade 0-0: Ball
1-0: Called Strike
1-1: Ball
2-1: Foul Ball, location: 2F
2-2: Ball
3-2: Ground out 6-3 (Groundball, 6, EV 96.2 MPH)
Bottom of the 6th over - 1 run, 2 hits, 0 errors, 2 left on base; Augusta 4 - Great Lakes 4
TOP OF THE 7TH
Augusta GreenJackets batting - Pitching for Great Lakes Loons : RHP Jason Englert
Batting: RHB Ian Richardson 0-0: Called Strike
0-1: Foul Ball, location: 2F
0-2: Strikes out looking
Batting: RHB Micah McErlean 0-0: Swinging Strike
0-1: Ball
1-1: Ball
2-1: Ball
3-1: Called Strike
3-2: Foul Ball, location: 2F
3-2: Foul Ball, location: 2F
3-2: Ground out 3-1 (Groundball, 34, EV 105.6 MPH)
Batting: RHB Gabe Ochoa 0-0: SINGLE (Line Drive, 6M, EV 95.0 MPH)
Batting: LHB Josh Straub 0-0: Foul Ball, location: 2F
0-1: Ground out 4-3 (Groundball, 4, EV 81.2 MPH)
Top of the 7th over - 0 runs, 1 hit, 0 errors, 1 left on base; Augusta 4 - Great Lakes 4
BOTTOM OF THE 7TH
Great Lakes Loons batting - Pitching for Augusta GreenJackets : RHP Ricky Fo
Batting: LHB Chris Raymond 0-0: Ball
1-0: Ball
2-0: Ball
3-0: Base on Balls
Batting: RHB Josh Crenwelge 0-0: Called Strike
0-1: Ball
1-1: Ball
2-1: Bunt missed!
2-2: Ball
3-2: Fly out, F9 (Flyball, 9S, EV 83.8 MPH)
Batting: LHB Robin More 0-0: Foul Ball, location: 2F
0-1: Ball
1-1: Swinging Strike
1-2: Foul Ball, location: 2F
1-2: Grounds out, U3 (Groundball, 3L, EV 103.8 MPH)
Batting: SHB Nate Kopchak 0-0: Ball
1-0: Reached via error on a dropped throw from 2B, E3 (Groundball, 4, EV 101.9 MPH)
Chris Raymond to third
Pitching: LHP Tommy McCusker
Pinch Hitting: RHB Daniel Samano 0-0: Swinging Strike
0-1: Foul Ball, location: 2F
0-2: Strikes out looking
Bottom of the 7th over - 0 runs, 0 hits, 1 error, 2 left on base; Augusta 4 - Great Lakes 4
TOP OF THE 8TH
Augusta GreenJackets batting - Pitching for Great Lakes Loons : RHP Jason Englert
Pitching: RHP Carlos Llamas
Now at 1B: Steve Clark
Batting: RHB Cesar Martinez 0-0: Ball
1-0: Called Strike
1-1: SINGLE (Groundball, 34S, EV 69.4 MPH) (infield hit)
Batting: LHB Cesar Arteaga 0-0: Ball
Pickoff Throw by Catcher to First - Out!
1-0: DOUBLE (Line Drive, 3D, EV 96.9 MPH)
Batting: LHB David Ramirez 0-0: Intentional Walk
Batting: LHB John Whitman 0-0: Called Strike
0-1: Ball
1-1: Swinging Strike
1-2: Grounds out, U3 (Groundball, 3L, EV 92.5 MPH)
Cesar Arteaga to third
Batting: RHB Jason Gregor 0-0: Called Strike
0-1: Foul Ball, location: 2F
0-2: Ball
1-2: Ball
2-2: Ball
3-2: Ground out 5-3 (Groundball, 56, EV 101.9 MPH)
Top of the 8th over - 0 runs, 2 hits, 0 errors, 2 left on base; Augusta 4 - Great Lakes 4
BOTTOM OF THE 8TH
Great Lakes Loons batting - Pitching for Augusta GreenJackets : LHP Tommy McCusker
Batting: SHB Xavier Alaniz 0-0: Ball
1-0: Foul Ball, location: 2F
1-1: Called Strike
1-2: Ball
2-2: Fly out, F2 (Popup, 23F, EV 91.2 MPH)
Batting: LHB Stephen Van Raalte 0-0: Fly out, F9 (Line Drive, 9, EV 93.8 MPH)
Batting: RHB T.J. Jordan 0-0: Called Strike
0-1: Called Strike
0-2: Strikes out looking
Bottom of the 8th over - 0 runs, 0 hits, 0 errors, 0 left on base; Augusta 4 - Great Lakes 4
TOP OF THE 9TH
Augusta GreenJackets batting - Pitching for Great Lakes Loons : RHP Carlos Llamas
Batting: RHB Ian Richardson 0-0: Called Strike
0-1: Ball
1-1: Ball
2-1: Swinging Strike
2-2: Foul Ball, location: 7LSF, Error on foul ball, E7
2-2: Ball
3-2: Ground out 6-3 (Groundball, 6, EV 85.6 MPH)
Batting: RHB Micah McErlean 0-0: Swinging Strike
0-1: Foul Ball, location: 2F
0-2: Strikes out swinging
Batting: RHB Gabe Ochoa 0-0: Called Strike
0-1: Ball
1-1: Ball
2-1: Ball
3-1: Base on Balls
Batting: LHB Josh Straub 0-0: Called Strike
Gabe Ochoa steals 2nd base
0-1: Fly out, F8 (Flyball, 8RM, EV 93.1 MPH)
Top of the 9th over - 0 runs, 0 hits, 1 error, 1 left on base; Augusta 4 - Great Lakes 4
BOTTOM OF THE 9TH
Great Lakes Loons batting - Pitching for Augusta GreenJackets : LHP Tommy McCusker
Pitching: RHP Danny MacKinnon
Pinch Hitting: SHB Justin Toth 0-0: Ball
1-0: Ball
2-0: Ball
3-0: Called Strike
3-1: Fly out, F7 (Line Drive, 7S, EV 89.4 MPH)
Batting: LHB Chris Raymond 0-0: Called Strike
0-1: Called Strike
0-2: SOLO HOME RUN (Flyball, 9LD, EV 91.9 MPH), Distance : 346 ft
Bottom of the 9th over - 1 run, 1 hit, 0 errors, 0 left on base; Augusta 4 - Great Lakes 5
Thursday, December 15th , 2022 - OOTP Baseball 23.9 Build 102